Map: [ESL] Waterfall

Players

herO

  • Race: Protoss Protoss
  • Spawn Location: 7:00

Serral - Winner!

  • Race: Zerg Zerg
  • Spawn Location: 1:00

VOD

Have the link to the VOD?

Description

Time

  • Played on: Nov. 4, 2022, 12:53 p.m.
  • Length: 12:32
Show
View Real Time Build Order
Export as new Build Order

herO Protoss 

Build Orders: 1 Gate Expand, Phoenix Opening, Mass Phoenix 

Get SALT Encoding   

  12  0:00  Probe  
  13  0:12  Probe  
  14  0:17  Pylon  
  14  0:24  Probe (Chrono Boost)  
  15  0:36  Probe (Chrono Boost)  
  15  0:39  Gateway  
  16  0:44  Probe (Chrono Boost)  
  16  0:48  Assimilator  
  17  0:51  Probe  
  18  1:03  Probe  
  19  1:15  Probe  
  20  1:25  Nexus  
  20  1:35  Cybernetics Core  
  20  1:36  Probe  
  21  1:43  Assimilator  
  21  1:48  Probe  
  21  1:52  Pylon  
  22  2:01  Probe  
  23  2:10  Warp Gate  
  23  2:11  Adept  
  23  2:13  Probe (Chrono Boost)  
  26  2:22  Probe (Chrono Boost)  
  27  2:28  Probe (Chrono Boost)  
  29  2:37  Probe (Chrono Boost)  
  29  2:41  Stalker  
  32  2:45  Probe (Chrono Boost)  
  32  2:46  Probe (Chrono Boost)  
  33  2:51  Probe x2 (Chrono Boost)  
  33  2:57  Gateway  
  35  3:03  Probe x2  
  37  3:09  Stargate  
  37  3:11  Adept, Stargate  
  39  3:15  Probe x2  
  41  3:20  Pylon  
  41  3:26  Assimilator  
  41  3:27  Probe  
  41  3:28  Probe  
  43  3:40  Probe x2  
  47  3:41  Assimilator  
  49  3:52  Probe  
  49  3:54  Pylon  
  50  3:56  Phoenix  
  50  3:57  Phoenix  
  50  4:02  Probe  
  51  4:04  Probe  
  51  4:07  Adept  
  54  4:12  Pylon  
  54  4:13  Stalker  
  56  4:19  Probe x2  
  56  4:20  Phoenix (Chrono Boost)  
  56  4:21  Phoenix (Chrono Boost)  
  62  4:29  Pylon  
  62  4:36  Phoenix (Chrono Boost)  
  62  4:37  Phoenix  
  64  4:44  Probe  
  64  4:45  Probe  
  67  4:55  Adept  
  67  4:56  Adept  
  67  4:57  Shield Battery  
  67  4:59  Probe x2  
  65  5:00  Phoenix (Chrono Boost)  
  65  5:01  Phoenix (Chrono Boost)  
  68  5:08  Pylon  
  68  5:16  Phoenix (Chrono Boost)  
  70  5:21  Gateway  
  70  5:26  Phoenix  
  70  5:27  Gateway  
  72  5:31  Forge  
  72  5:41  Sentry x2  
  76  5:43  Probe x2  
  76  5:49  Pylon x2  
  78  5:51  Robotics Facility  
  78  6:07  Probe x2  
  78  6:08  Zealot x2  
  84  6:15  Pylon  
  84  6:17  Nexus  
  84  6:20  Pylon  
  84  6:27  Zealot  
  84  6:31  Protoss Ground Weapons Level 1 (Chrono Boost)  
  86  6:33  Adept x3  
  86  6:36  Probe  
  90  6:41  Immortal (Chrono Boost)  
  80  6:53  Adept x4  
  81  7:07  Probe x2  
  83  7:13  Observer  
  84  7:18  Robotics Bay  
  84  7:19  Probe  
  84  7:20  Twilight Council, Probe  
  86  7:25  Nexus  
  86  7:26  Pylon  
  86  7:30  Pylon  
  86  7:32  Probe  
  86  7:33  Probe  
  86  7:36  Robotics Facility  
  88  7:38  Observer  
  89  7:46  Zealot x4  
  89  7:50  Probe x2  
  98  8:05  Charge  
  98  8:06  Nexus  
  98  8:09  Photon Cannon  
  98  8:11  Shield Battery  
  98  8:17  Disruptor (Chrono Boost), Probe x2  
  100  8:23  Observer  
  100  8:25  Zealot, Sentry x2  
  109  8:29  Nexus  
  109  8:32  Pylon  
  109  8:39  Pylon  
  109  8:44  Protoss Ground Weapons Level 2 (Chrono Boost)  
  109  8:47  Disruptor x2 (Chrono Boost)  
  115  8:58  Templar Archives  
  115  9:02  Zealot x2  
  117  9:14  Gateway  
  117  9:15  Gateway  
  117  9:22  Disruptor x2  
  123  9:30  Zealot  
  121  9:45  Zealot x3  
  121  9:55  High Templar  
  121  9:57  Assimilator x2  
  121  10:01  Gateway x2  
  121  10:09  Zealot x2, High Templar  
  121  10:11  Warp Prism (Chrono Boost)  
  127  10:15  Archon, High Templar x2  
  127  10:17  Pylon  
  127  10:18  Pylon  
  133  10:22  Archon, Probe  
  133  10:28  Observer, Pylon x2  
  132  10:38  Stalker  
  132  10:39  Stalker  
  136  10:45  High Templar  
  136  10:46  High Templar  
  136  10:47  Zealot x2  
  142  10:54  Archon  
  138  11:01  Zealot x2  
  138  11:02  Zealot  
  144  11:04  Stalker  
  144  11:12  High Templar x2  
  144  11:16  Archon  
  148  11:20  Zealot x2  
  148  11:23  Zealot x2  
  156  11:26  Pylon x4  
  132  11:45  Zealot x8  
  88  12:11  Zealot x8  
Show
View Real Time Build Order
Export as new Build Order

Serral Zerg - Winner!

Build Orders: Hatch First 

Get SALT Encoding   

  12  0:00  Drone  
  13  0:13  Overlord  
  13  0:17  Drone  
  14  0:31  Drone x2  
  16  0:45  Drone  
  17  0:54  Hatchery  
  17  0:56  Drone  
  17  0:59  Drone  
  18  1:11  Extractor  
  18  1:15  Spawning Pool  
  18  1:18  Drone  
  17  1:22  Drone  
  18  1:29  Drone  
  19  1:40  Drone  
  20  1:53  Overlord  
  20  2:01  Queen  
  20  2:06  Queen  
  20  2:07  Zergling x4  
  26  2:12  Drone  
  26  2:14  Metabolic Boost  
  27  2:17  Drone  
  28  2:24  Drone  
  28  2:28  Drone  
  30  2:39  Hatchery  
  30  2:42  Drone  
  30  2:44  Drone  
  30  2:51  Queen  
  33  2:55  Overlord  
  33  2:58  Drone  
  34  3:00  Drone  
  34  3:03  Drone  
  36  3:06  Overlord  
  36  3:14  Drone x4  
  40  3:20  Queen  
  40  3:23  Drone  
  40  3:25  Drone  
  40  3:26  Drone  
  45  3:31  Queen  
  47  3:36  Overlord  
  47  3:37  Drone  
  47  3:39  Drone  
  47  3:40  Drone  
  50  3:43  Drone  
  50  3:44  Drone  
  51  3:50  Queen  
  51  3:51  Drone  
  51  3:55  Zergling x6  
  56  4:02  Overlord  
  57  4:05  Zergling x2  
  57  4:06  Zergling x2, Roach Warren  
  58  4:10  Overlord  
  58  4:12  Overlord  
  59  4:17  Zergling x6  
  59  4:20  Overlord  
  59  4:23  Spore Crawler  
  60  4:24  Zergling x2  
  60  4:25  Zergling x2  
  62  4:31  Overlord  
  62  4:32  Zergling x6  
  62  4:37  Spore Crawler  
  64  4:43  Zergling x8  
  64  4:44  Zergling x2  
  67  4:54  Zergling x4  
  67  4:56  Lair  
  67  4:58  Extractor  
  66  5:01  Drone x3  
  66  5:03  Drone x2  
  66  5:04  Drone x2  
  74  5:07  Drone x3  
  74  5:11  Drone  
  77  5:17  Queen x2  
  81  5:21  Spore Crawler  
  81  5:24  Drone x3  
  83  5:29  Zergling x4  
  83  5:30  Zergling x6  
  83  5:35  Zergling x2  
  89  5:38  Overlord  
  89  5:39  Overlord  
  89  5:41  Overlord  
  89  5:42  Overlord  
  89  5:50  Spore Crawler  
  89  5:55  Overlord  
  85  5:58  Drone x8  
  85  6:03  Drone x4  
  97  6:06  Glial Reconstitution  
  97  6:11  Evolution Chamber  
  97  6:13  Drone  
  97  6:14  Overlord x2  
  97  6:20  Drone  
  97  6:22  Overlord  
  98  6:28  Drone  
  98  6:29  Drone  
  98  6:32  Queen x2  
  97  6:33  Queen  
  97  6:36  Drone x3  
  102  6:40  Drone x4  
  102  6:45  Drone x3  
  102  6:46  Zergling x2  
  104  6:49  Zerg Missile Weapons Level 1, Extractor  
  104  6:51  Extractor x2  
  104  6:52  Zergling x10  
  104  6:59  Overlord  
  104  7:03  Extractor  
  104  7:07  Overlord  
  103  7:09  Spire  
  103  7:13  Drone  
  103  7:14  Zergling x8  
  106  7:17  Overlord  
  106  7:20  Zergling x6  
  109  7:24  Hatchery  
  108  7:31  Zergling x4  
  108  7:32  Zergling x8  
  114  7:41  Overlord  
  108  7:57  Roach x9  
  117  8:05  Roach x4  
  123  8:07  Roach  
  131  8:13  Overlord  
  131  8:24  Corruptor x6  
  143  8:27  Corruptor  
  143  8:31  Corruptor  
  140  8:37  Roach x8  
  140  8:38  Infestation Pit  
  155  8:43  Overlord  
  155  8:44  Drone x4  
  155  8:45  Drone  
  160  8:52  Baneling Nest  
  160  8:55  Drone  
  159  8:56  Drone  
  159  9:02  Drone  
  158  9:03  Roach x4  
  158  9:04  Ravager x5  
  171  9:10  Drone x3  
  171  9:11  Overlord  
  171  9:12  Drone  
  171  9:13  Overlord  
  175  9:19  Zergling x10  
  173  9:24  Zerg Missile Weapons Level 2  
  173  9:29  Hive  
  173  9:32  Zergling x10  
  172  9:40  Roach x6  
  172  9:43  Centrifugal Hooks  
  173  9:57  Zergling x12, Hatchery  
  178  10:05  Baneling x4  
  178  10:06  Baneling x3  
  178  10:08  Zergling x20  
  178  10:13  Evolution Chamber  
  184  10:21  Extractor  
  184  10:23  Drone x6  
  184  10:24  Drone x2  
  184  10:25  Zergling x12  
  197  10:30  Zergling x2  
  197  10:31  Zergling x2  
  197  10:34  Baneling x11  
  199  10:37  Overseer  
  199  10:42  Adrenal Glands  
  199  11:08  Viper  
  199  11:09  Viper  
  199  11:10  Zergling x6  
  200  11:17  Baneling x19  
  200  11:23  Spore Crawler  
  196  11:34  Hatchery  
  180  11:41  Zergling x12  
  180  11:42  Zergling x32  
  188  11:47  Roach x13  
  188  11:50  Roach x2  
  194  11:56  Zergling x10  
  190  12:02  Roach x4  
  190  12:04  Roach x2  
  192  12:09  Roach x3  
  192  12:12  Roach  
Tags
 
Add a new tag
Caveats
  • Supply blocks, unpowered buildings, or Contaminate may cause inaccurate times.
  • Supply counts are checked every 10 seconds.